Cogmind - Beta 10.2 @@@ ROGUE MODE // 2021.11.22 @ 16:02:51 Player: Jelly Result: Self-destructed Performance ------------- Evolutions (1) 500 Regions Visited (2) 400 Robots Destroyed (4) 20 Value Destroyed (56) 56 Prototype IDs (0) 0 Alien Tech Used (0) 0 Bonus (0) 0 TOTAL SCORE: 976 Bonus ------- None Cogmind --------- Core Integrity 382/400 Matter 248/300 Energy 100/100 System Corruption 0% Temperature Cool (0) Movement Walking (120) Location -9/Materials Parts ------- > --- POWER (1) -------- (None) > --- PROPULSION (2) --- Aluminum Leg Aluminum Leg > --- UTILITY (4) ------ Small Storage Unit Improved Targeting Computer > --- WEAPON (2) ------- Assault Rifle > --- INVENTORY (6) ---- Light Ion Engine Light Treads Light Treads Wheel Compact Wheel Mining Claw Peak State ------------ > --- POWER ------------ Light Ion Engine > --- PROPULSION ------- Aluminum Leg Aluminum Leg > --- UTILITY ---------- Small Storage Unit Improved Targeting Computer > --- WEAPON ----------- Medium Laser Assault Rifle > --- INVENTORY -------- Light Ion Engine Light Treads Light Treads Wheel Compact Wheel Small Laser [Rating: 8] Favorites ----------- Power Light Ion Engine Engine Light Ion Engine Propulsion Aluminum Leg Leg Aluminum Leg Utility Small Storage Unit Storage Small Storage Unit Processor Improved Targeting Computer Weapon Assault Rifle Energy Gun Medium Laser Ballistic Gun Assault Rifle Slashing Weapon Mining Claw Build | -11 -10 -9 ------- Run | Scr Mat Mat Slots Evolved 2 | . . 2 Power . | . . . Propulsion . | . . . Utility 2 | . . 2 Weapon . | . . . Parts Attached 5 | . 4 1 Power . | . . . Engine . | . . . Core . | . . . Reactor . | . . . Propulsion 1 | . 1 . Treads . | . . . Leg 1 | . 1 . Wheel . | . . . Hover . | . . . Flight . | . . . Utility 1 | . 1 . Device . | . . . Storage . | . . . Processor 1 | . 1 . Hackware . | . . . Protection . | . . . Artifact . | . . . Weapon 3 | . 2 1 Energy Gun 2 | . 1 1 Energy Cannon . | . . . Ballistic Gun . | . . . Ballistic Cannon . | . . . Launcher . | . . . Special Weapon . | . . . Impact Weapon . | . . . Slashing Weapon 1 | . 1 . Piercing Weapon . | . . . Special Melee Weapon . | . . . Unidentified Prototypes . | . . . Parts Lost 2 | . . 2 Power 1 | . . 1 Propulsion . | . . . Utility . | . . . Weapon 1 | . . 1 Highest Loss Streak 2 | . . 2 Average Slot Usage (%) 95 | . 98 73 Engine 13 | . 14 11 Leg 27 | . 28 22 Storage 13 | . 14 11 Processor 12 | . 12 11 Energy Gun 11 | . 12 . Ballistic Gun 13 | . 14 11 Slashing Weapon 2 | . 1 7 Naked Turns . | . . . Heaviest Build 11 | 10 11 11 Greatest Support 20 | 20 20 20 Greatest Overweight (x) . | . . . Average Overweight (x) . | . . . Largest Inventory Capacity 6 | . 6 6 Average Capacity 6 | . 6 6 Most Carried 6 | . 6 6 Average Carried 5 | . 5 6 Final Capacity 6 | 6 6 6 Final Carried 6 | 6 6 6 Class Distribution -------------------- 100% | Mutant Dominant Class ---------------- Mutant | -10/Materials Mutant | -9/Materials Resources | -11 -10 -9 ----------- Run | Scr Mat Mat Matter Collected 254 | 200 54 . Remotely . | . . . Salvage Created 106 | . 74 32 Parts 10 | . 7 3 Haulers Intercepted 1 | . 1 . Recyclers Shooed . | . . . Parts Field Recycled . | . . . Retrieved Matter . | . . . Parts Self-Destructed . | . . . Prevented . | . . . Kills | -11 -10 -9 ------- Run | Scr Mat Mat Combat Hostiles Destroyed 3 | . 1 2 Guns 3 | . 1 2 Classes Destroyed 3 | . 2 1 Hauler 1 | . 1 . Swarmer 2 | . . 2 Grunt 1 | . 1 . Best Kill Streak 2 | . 1 2 Combat Bots Only 2 | . 1 2 Max Kills in Single Turn 1 | . 1 1 Gunslinging . | . . . Exploded . | . . . Melee . | . . . Uniques/NPCs Destroyed . | . . . Combat | -11 -10 -9 -------- Run | Scr Mat Mat Damage Taken 383 | . 246 137 Core 59 | . 41 18 Absorbed by Shields . | . . . Core Remaining (%) 91 | 100 83 . Volleys Fired 22 | . 19 3 Largest 2 | . 2 2 Hottest 70 | . 70 70 Shots Fired 42 | . 38 4 Gun 42 | . 38 4 Cannon . | . . . Launcher . | . . . Special . | . . . Kinetic 22 | . 19 3 Thermal 20 | . 19 1 Explosive . | . . . Electromagnetic . | . . . Robot Hit Streak 8 | . 8 2 Robot Miss Streak 3 | . 3 1 Penetration Max . | . . . Secondary Targets . | . . . Shots Hit Robots 29 | . 27 2 Core Hits 8 | . 6 2 Critical Hits . | . . . Critical Kills . | . . . Critical Parts Destroyed . | . . . Melee Attacks 1 | . 1 . Impact . | . . . Slashing 1 | . 1 . Piercing . | . . . Sneak Attacks . | . . . Combat Hostiles . | . . . Follow-up Attacks . | . . . Damage Inflicted 345 | . 309 36 Guns 345 | . 309 36 Cannons . | . . . Explosions . | . . . Melee . | . . . Ramming . | . . . Kinetic 184 | . 148 36 Thermal 161 | . 161 . Explosive . | . . . Electromagnetic . | . . . Impact . | . . . Slashing . | . . . Piercing . | . . . Highest Corruption 1 | . 1 . Average Corruption 1 | . 1 . Corruption Purged . | . . . Overload Shots . | . . . Overflow Damage . | . . . Projectiles . | . . . Explosions . | . . . Melee . | . . . Knockbacks . | . . . Impact . | . . . Kinetic . | . . . Secondary . | . . . Self-Inflicted Damage . | . . . Shots . | . . . Rammed . | . . . Targets Rammed . | . . . Kicked . | . . . Crushed . | . . . Highest Temperature 291 | . 291 . Average Temperature 139 | . 139 . Received Heat Transfer 138 | . 138 . Siege Activations . | . . . Robots Corrupted . | . . . Combat Hostiles . | . . . Parts Fried . | . . . Impact Corruptions . | . . . Robots Melted . | . . . Combat Hostiles . | . . . Parts Melted . | . . . Heat Transferred 481 | . 481 . Parts Sabotaged . | . . . Parts Stolen . | . . . Parts Stripped . | . . . Power Chain Reactions . | . . . Missiles Intercepted . | . . . Alert | -11 -10 -9 ------- Run | Scr Mat Mat Peak Influence 65 | . 61 65 Initial 25 | . . 25 Average 20 | . 18 32 Maximum Alert Level . | . . . Low Security (%) 100 | . 100 100 Level 1 . | . . . Level 2 . | . . . Level 3 . | . . . Level 4 . | . . . Level 5 . | . . . High Security . | . . . Max Security . | . . . Squads Dispatched 1 | . 1 . Investigation . | . . . Extermination . | . . . Reinforcement 1 | . 1 . Assault . | . . . Garrison . | . . . Intercept . | . . . Construction Impeded . | . . . Haulers Reinforced . | . . . Stealth | -11 -10 -9 --------- Run | Scr Mat Mat Distress Signals 1 | . 1 . Communications Jammed . | . . . Distress Signals . | . . . Times Spotted 16 | . 8 8 Peak Tracking Total 7 | . 4 7 Tactical Retreats 1 | . 1 . Traps | -11 -10 -9 ------- Run | Scr Mat Mat Traps Triggered 1 | . 1 . Indirectly . | . . . Trap Hack Attempts . | . . . Triggered . | . . . Disarmed . | . . . Reprogrammed . | . . . Reused . | . . . Traps Extracted . | . . . Installed . | . . . Triggered . | . . . Machines | -11 -10 -9 ---------- Run | Scr Mat Mat Machines Disabled . | . . . Max in Single Turn . | . . . Machines Sabotaged . | . . . Garrisons Compromised . | . . . Overloaded Fab Kills . | . . . Fab Network Shutdowns . | . . . Hacking | -11 -10 -9 --------- Run | Scr Mat Mat Machines Accessed 1 | . 1 . Terminals 1 | . 1 . Fabricators . | . . . Repair Stations . | . . . Recycling Units . | . . . Scanalyzers . | . . . Garrison Access . | . . . Total Hacks 4 | . 4 . Successful 1 | . 1 . Failed 3 | . 3 . Catastrophic 1 | . 1 . Database Lockouts . | . . . Manual 3 | . 3 . Terminals 4 | . 4 . Fabricators . | . . . Repair Stations . | . . . Recycling Units . | . . . Scanalyzers . | . . . Garrison Access . | . . . Terminal Hacks 1 | . 1 . Robot Analysis 1 | . 1 . Fabricator Hacks . | . . . Repair Station Hacks . | . . . Recycling Unit Hacks . | . . . Scanalyzer . | . . . Garrison Access Hacks . | . . . Unauthorized Hacks . | . . . Terminals . | . . . Fabricators . | . . . Repair Stations . | . . . Recycling Units . | . . . Scanalyzers . | . . . Garrison Access . | . . . Data Cores Recovered . | . . . Used . | . . . Hacking Detections 1 | . 1 . Full Trace Events 1 | . 1 . Feedback Events . | . . . Feedback Blocked . | . . . Robot Schematics Acquired . | . . . Robots Built . | . . . Matter . | . . . Time . | . . . Total Robot Build Rating . | . . . Part Schematics Acquired . | . . . Parts Built . | . . . Matter . | . . . Time . | . . . Total Part Build Rating . | . . . Parts Repaired . | . . . Time . | . . . Parts Recycled . | . . . Recycled Matter . | . . . Retrieved Matter . | . . . Retrieved Components . | . . . Parts Scanalyzed . | . . . Part Schematics Acquired . | . . . Parts Damaged . | . . . Bothacking | -11 -10 -9 ------------ Run | Scr Mat Mat Used RIF Installer . | . . . Robots Hacked . | . . . Non-combat . | . . . Combat . | . . . Robot Hacks Applied . | . . . Relay Couplers Released . | . . . Robots Rewired . | . . . Allies Hacked . | . . . Hacks Repelled . | . . . Allies | -11 -10 -9 -------- Run | Scr Mat Mat Total Allies . | . . . Largest Group . | . . . Highest-Rated Group . | . . . Highest-Rated Ally . | . . . Total Orders . | . . . Ally Attacks . | . . . Total Damage . | . . . Kills . | . . . Allies Corrupted . | . . . Allies Melted . | . . . Intel | -11 -10 -9 ------- Run | Scr Mat Mat Robot Analysis Total 1 | . 1 . Derelict Logs Recovered . | . . . Drone Launches . | . . . Drone Recoveries . | . . . Exploration | -11 -10 -9 ------------- Run | Scr Mat Mat Turns Passed 242 | . 214 28 Spaces Moved 109 | 1 93 15 Core . | . . . Treads . | . . . Legs 109 | 1 93 15 Wheels . | . . . Hover . | . . . Flight . | . . . Fastest Speed 120 | 120 120 120 Average Speed 120 | 120 120 120 Slowest Speed 120 | 120 120 120 Overloaded Moves . | . . . Propulsion Burnouts . | . . . Robots Hopped . | . . . Cave-ins Triggered . | . . . Exploration Rate (%) 8 | 2 18 4 Regions Visited 2 Branch Regions . Pre-discovered Areas . | . . . Known Exits Taken . | . . . Unknown Exits Taken 2 | 1 1 . Scrap Searched . | . . . Spaces Dug 1 | . 1 . Terrain Destroyed 1 | . 1 . Melee 1 | . 1 . Projectile . | . . . AOE . | . . . Terrain Rammed . | . . . Walls Destroyed . | . . . Machines Disabled . | . . . Actions | -11 -10 -9 --------- Run | Scr Mat Mat Total 175 | . 155 20 Wait 37 | . 36 1 Move 107 | . 92 15 Hop . | . . . Pick Up 1 | . 1 . Fast Attach 1 | . 1 . Attach . | . . . Detach . | . . . Swap 4 | . 3 1 Drop 2 | . 2 . Fire 22 | . 19 3 Melee 1 | . 1 . Ram . | . . . Kick . | . . . Crush . | . . . Escape Stasis . | . . . Rewire . | . . . Trap . | . . . Miscellaneous . | . . . Route ------- -11/Scrapyard -10/Materials -9/Materials History --------- Turn | Location | Event 1 | -11/Scrapyard | Discovered new exit (range 0) 1 | -11/Scrapyard | Entered Materials 194 | -10/Materials | Discovered new exit (range 15) 215 | -10/Materials | Entered another Materials area 215 | -9/Materials | Evolved 2 slots: Utility x2 243 | -9/Materials | Self-destructed Last Messages --------------- 00173_ G-34 Mercenary destroyed. 00179_ Destroyed Particle Gun. 00182_ K-01 Serf collects debris. 00184_ Dropped Aluminum Leg. 00185_ K-01 Serf collects debris. 00188_ Acquired 31 matter. 00190_ K-01 Serf collects debris. 00194_ EXIT=FOUND 00207_ Triggered Shock Trap. 00207_ The floor emits a surge of raw power. 00207_ System corrupted (+1). 00210_ U-05 Engineer builds a Wall. PARAMETERS=UTILITY_2 LOCATION=UNKNOWN GOAL=ESCAPE 00216_ T-07 Excavator is excavating. 00236_ S-10 Pest destroyed. 00239_ Med. Laser destroyed. 00239_ S-10 Pest destroyed. 00241_ Lgt. Ion Engine destroyed. Map ----- +----------------------------------------------------+ | ?????????????????????????????????????? | | ?????????????????????????????????????? | | ?????????????????????????????????????? | | ?????????????????????????????????????? | | ?????????????????????????????????????? | | ?????????????????????????????????????? | | ?????????????????????????????????????? | | ?????????????????????????????????????? | | ?????????????????????????????????????? | | ?????????????????????????????????????? | | ?????????????????????????????????????? | | ?????????????????????????????????????? | | ????????????????????????#####????????? | | ????????????????????????# #????????? | | ??????????????????????#?# #????????? | | ??????????????????????# # #????????? | | ???????????????????????# #????????? | | ???????????????????????## #????????? | | ????????????????????????# #????????? | | ????????????????????????# #????????? | | ????????????????????????# #????????? | | ????????????????????????# #????????? | | ????????????????????????# #????????? | | ????????????????????????# #????????? | | ????????????????????????# #????????? | | ????????????????????????#@ #????????? | | ??????????????????#######ss #????????? | | ??????????? *us #????????? | | ??????????? s ss#????????? | | ?????????????""""" """"" #????????? | | ???????????????""" """"" ????????? | | ????????????????"" """"" ???????? | | ???????????????? [??????? | | ????????????????????? [[?????? | | ?????????????????????#### !!#????? | | ????????????????????????# !!#????? | | ????????????????????????# #####????? | | ????????????????????????# #????????? | | ????????????????????????# #????????? | | ???????????????????????? #????????? | | ????????????????????????# #????????? | | ????????????????????????? ?????????? | | ????????????????????????? ?????????? | | ?????????????????????????????????????? | | ?????????????????????????????????????? | | ?????????????????????????????????????? | | ?????????????????????????????????????? | | ?????????????????????????????????????? | | ?????????????????????????????????????? | | ?????????????????????????????????????? | +----------------------------------------------------+ Best States ------------- Heat Dissipation 28 Energy Generation 10 Energy Capacity 125 Matter Stores 300 Matter Capacity 300 Sight Range 16 Terrain Scan Density 10 Evasion (%) 40 Targeting Accuracy 6 Item Schematics ----------------- None Robot Schematics ------------------ None Fabricated ------------ Nothing Alien Tech Used ----------------- None Achievements -------------- None Challenges ------------ None Game ------ Seed ThiefCompositeCutter Manual? 0 Play Time 00:06:35 Cumulative 4.5 hours Start 2021.11.18 @ 16:27:57 End 2021.11.22 @ 16:02:51 Sessions 4 Manual Loads 0 Difficulty Rogue Special Mode None Game No. 7 Rogue 7 Adventurer 0 Explorer 0 Win Type - Total 0 Types 0/0/0/0/0/0/0/0/0 Lore% 8 Gallery% 12 Achievement% 22 Wizard Run 0 Options --------- ASCII 0 Keyboard 1 Movement Numpad Keybinds 0 Fullscreen 1 Font 24/Terminus Map View 76x50 Tactical HUD 1 Map Filters NONE Filters NONE Steam 1 RUN: 691bac7f-6758-4adb-91a8-bf9210e520b9